 Dungeon Crawl Stone Soup version 0.31-a0-1278-g11c5b68f87 (webtiles) character file.

Game seed: 12139767848326708058

3218 croobank the Ruffian (level 9, -1/61 HPs)
             Began as an Octopode Shapeshifter on Dec 18, 2023.
             Was a Priest of Lugonu.
             Slain by an orc priest
             ... wielding a +0 hand axe
              (3 damage)
             ... on level 7 of the Dungeon.
             The game lasted 00:27:33 (7731 turns).

croobank the Ruffian (Octopode Shapeshifter)        Turns: 7731, Time: 00:27:33

Health: -1/61      AC:  1    Str: 14    XL:     9   Next: 97%
Magic:  10/14      EV: 14    Int: 16    God:    Lugonu [***...]
Gold:   457        SH:  0    Dex: 11    Spells: 14/15 levels left

rFire   . .          .
                       - Unarmed
rCold   . . .        (no shield)
rNeg    . . .        (helmet currently unavailable)
rPois   .            k - amulet of regeneration
rElec   .            (no ring)
rCorr   .            (no ring)
SInv    .            (no ring)
Will    .....        (no ring)
Stlth   ++           (no ring)
HPRegen 1.10/turn    (no ring)
MPRegen 0.14/turn    (no ring)
                     (no ring)

%: no passive effects
@: beast-form
A: beast (slay +3), almost no armour, amphibious, 8 rings, camouflage 1,
gelatinous body 1, (nimble swimmer 1), tentacles
a: Begin Untransformation, Renounce Religion, Depart the Abyss, Banish


You were on level 7 of the Dungeon.
You worshipped Lugonu.
Lugonu was most pleased with you.
You were a hulking beast.
You visited 1 branch of the dungeon, and saw 7 of its levels.

You collected 457 gold pieces.

Inventory:

Hand Weapons
 a - a +0 war axe
 f - a +0 rapier of draining
 j - a +0 flail of holy wrath
 q - a +0 mace of protection
 r - a +1 hand axe of venom
 w - a +0 scimitar
 A - a +2 short sword of venom
Missiles
 h - 7 poisoned darts
 y - a curare-tipped dart
Armour
 e - a +0 kite shield
 o - a +1 tower shield
Jewellery
 d - an amulet of reflection
 k - an amulet of regeneration (around mantle)
 m - a ring of ice
 t - a ring of ice
 v - an amulet of magic regeneration
Talismans
 b - a beast talisman (active)
 c - a flux talisman
 i - a talisman of death
Wands
 z - a wand of iceblast (8)
Scrolls
 s - a scroll of amnesia
 B - a scroll of enchant armour
Potions
 g - 2 potions of attraction
 n - 4 potions of brilliance
 p - 3 potions of lignification
 u - 4 potions of enlightenment


   Skills:
 + Level 5.5 Fighting
 + Level 5.8 Dodging
 + Level 6.3 Unarmed Combat
 + Level 3.9 Spellcasting
 + Level 4.2 Conjurations
 + Level 5.2 Invocations
 + Level 5.7 Shapeshifting


You had 14 spell levels left.
You knew the following spells:

 Your Spells              Type           Power      Damage    Failure   Level
a - Magic Dart            Conj           64%        1d6       3%          1

Your spell library contained the following spells:

 Spells                   Type           Power      Damage    Failure   Level
 Searing Ray              Conj           32%        2d5       4%          2
 Sandblast                Erth           6%         2d5       17%         1
 Lesser Beckoning         Tloc           6%         N/A       26%         2
 Gell's Gravitas          Tloc           3%         N/A       45%         3
 Teleport Other           Tloc           3%         N/A       45%         3
 Fulminant Prism          Conj/Hex       4%         3d5       56%         4
 Cause Fear               Hex            1%         N/A       86%         4
 Fireball                 Conj/Fire      4%         3d4       89%         5
 Borgnjor's Vile Clutch   Necr/Erth      1%         N/A       99%         5
 Lee's Rapid Deconstruct  Erth           1%         3d4*      99%         5
 Dragon's Call            Summ           1%         N/A       100%        9
 Shatter                  Erth           1%         3d6*      100%        9


Dungeon Overview and Level Annotations

Branches:
Dungeon (7/15)             Temple (0/1) D:6

Altars:
Elyvilon
Okawaru
Ru
Uskayaw
Zin
Lugonu

Shops:
D:1 *

Annotations:
Abyss:1 Joseph


Innate Abilities, Weirdness & Mutations

You are a hulking beast.
Your limbs bulge with bestial killing power. (Slay +3)
You cannot wear most types of armour.
You are amphibious.
You can wear up to eight rings at the same time.
Your skin changes colour to match your surroundings (Stealth+).
Your rubbery body absorbs attacks. (AC +1, EV +1)
((You are camouflaged when in or above water. (Stealth+)))
You have tentacles for arms and can constrict up to eight enemies at once.


Message History

Joseph resists.
The orc priest looks satisfied for a moment.
Joseph hits you with a +0 quarterstaff!
Throw: dart (atropa)
Press: ? - help, Q - select action, (/) - cycle Shift-Dir - straight line, f/p - Joseph
Aim: Joseph, wielding a +0 quarterstaff, wearing a +0 leather armour and carrying a wand of flame (59% to hit, chance to blind on hit: 3%)
You throw an atropa-tipped dart. The atropa-tipped dart hits Joseph.
Joseph resists.
Joseph completely misses you.
The orc priest hits you with a +0 flail!
Abil: Banish
Press: ? - help, Q - select action, (/) - cycle Shift-Dir - straight line, f/p - Joseph
Aim: Joseph, wielding a +0 quarterstaff, wearing a +0 leather armour and carrying a wand of flame (chance to affect: 68%)
You fail to use your ability.
The orc wizard completely misses you.
The orc priest hits you but does no damage.
Joseph hits you with a +0 quarterstaff!
* * * LOW HITPOINT WARNING * * *
The orc priest hits you with a +0 flail.
* * * LOW HITPOINT WARNING * * *
Abil: Banish
Press: ? - help, Q - select action, (/) - cycle Shift-Dir - straight line, f/p - Joseph
Aim: Joseph, wielding a +0 quarterstaff, wearing a +0 leather armour and carrying a wand of flame (chance to affect: 68%) Joseph is devoured by a tear in reality.
Lugonu claims a new guest.
The orc priest closely misses you. The orc priest barely misses you.
The orc wizard gestures at you while chanting.
The magic dart hits you.
* * * LOW HITPOINT WARNING * * *
Okay, then.
Okay, then.
Press: ? - help, Shift-Dir - straight line, f - orc priest
Aim: an orc priest, wielding a +0 flail (chance to affect: 82%)
You fail to use your ability.
The orc priest hits you with a +0 flail.
* * * LOW HITPOINT WARNING * * *
The orc wizard hits you with a +0 dagger.
* * * LOW HITPOINT WARNING * * *
The orc priest hits you with a +0 hand axe.
You die...

#.....######.#...##.........#.#
##........#
#........###.###...#
.....####.# ###..........#
##.## ≈≈≈..# #.# ##.######..#
.# ..≈..# #.# #.#....#### .#
≈.≈..# #.# #.#.##.# .# §.≈..#
#.# ##'#.# .#
≈.≈..##########..#.# .#
≈...............ho.# .#
≈.≈..#########.§oo.# ..≈..#
#.§§..... ≈≈≈..# #.......+..
....## #.......# .#.##
#......## ...# #.....## ####
##...## #


You could see 2 orc priests and an orc wizard.

Vanquished Creatures
  Grinder (D:5)
  Sigmund (D:5)
  Eustachio (D:5)
  A steam dragon (D:6)
  Edmund (D:4)
  Menkaure (D:5)
  2 ice beasts (D:7)
  3 ogres
  A centaur (D:7)
  A phantom (D:5)
  A kobold brigand (D:6)
  A bullfrog (D:7)
  5 scorpions
  A howler monkey (D:7)
  4 hounds
  2 gnoll boudas
  4 orc priests
  4 jellies
  3 iguanas
  6 orc wizards
  11 gnolls
  2 river rats (D:3)
  6 adders
  A shadow imp (D:7)
  4 white imps
  4 ufetubi (D:6)
  3 worms
  3 dart slugs
  22 orcs
  4 ball pythons
  5 endoplasms
  8 giant cockroaches
  8 goblins
  5 hobgoblins
  2 jackals (D:1)
  9 kobolds
  2 quokkas
  4 bats
  A frilled lizard (D:2)
  5 rats
153 creatures vanquished.

Notes
Turn   | Place    | Note
-------+----------+-------------------------------------------
     0 | D:1      | croobank the Octopode Shapeshifter began the quest for the
                  | Orb.
     0 | D:1      | Reached XP level 1. HP: 13/13 MP: 1/1
   104 | D:1      | Reached XP level 2. HP: 17/18 MP: 2/2
   369 | D:1      | You fall into a shaft and drop 1 floor!
   572 | D:1      | Found Mory's General Store.
  1001 | D:2      | Reached XP level 3. HP: 17/24 MP: 3/3
  1043 | D:2      | Found the +1 Delatra's gloves {ID++}
  1062 | D:2      | Reached XP level 4. HP: 29/29 MP: 4/4
  1163 | D:2      | Found a white marble altar of Elyvilon.
  1953 | D:3      | Reached XP level 5. HP: 21/35 MP: 5/5
  1979 | D:3      | Found a faded altar of an unknown god.
  2062 | D:3      | Prayed at the altar of an unknown god.
  2062 | D:3      | Became a worshipper of Lugonu the Unformed
  2062 | D:3      | Reached * piety under Lugonu
  2614 | D:3      | Found an iron altar of Okawaru.
  2638 | D:3      | Reached skill level 4 in Unarmed Combat
  2941 | D:4      | Reached XP level 6. HP: 39/42 MP: 6/6
  2947 | D:4      | Learned a level 1 spell: Magic Dart
  2989 | D:4      | Reached ** piety under Lugonu
  3037 | D:4      | Noticed Edmund
  3056 | D:4      | Killed Edmund
  3057 | D:4      | Reached XP level 7. HP: 23/46 MP: 6/8
  3090 | D:4      | Found a glowing silver altar of Zin.
  3128 | D:4      | Reached skill level 1 in Spellcasting
  3128 | D:4      | Reached skill level 1 in Conjurations
  3239 | D:4      | Got the Anthology of Terrain
  3728 | D:5      | Entered Level 5 of the Dungeon
  3743 | D:5      | Reached skill level 5 in Unarmed Combat
  3743 | D:5      | Reached XP level 8. HP: 50/54 MP: 9/11
  3914 | D:5      | Noticed Eustachio
  3922 | D:5      | Killed Eustachio
  3923 | D:5      | Reached skill level 1 in Invocations
  3940 | D:5      | Noticed Grinder
  3948 | D:5      | Killed Grinder
  4003 | D:5      | Noticed Sigmund
  4010 | D:5      | Noticed Menkaure
  4015 | D:5      | Killed Sigmund
  4016 | D:5      | Reached skill level 5 in Shapeshifting
  4021 | D:5      | Killed Menkaure
  4088 | D:5      | Reached skill level 5 in Dodging
  4152 | D:5      | Reached XP level 9. HP: 44/59 MP: 13/13
  4934 | D:6      | Found a staircase to the Ecumenical Temple.
  4994 | D:6      | Found a sacrificial altar of Ru.
  5003 | D:6      | Reached *** piety under Lugonu
  5472 | D:6      | Reached skill level 5 in Fighting
  6320 | D:7      | Reached skill level 6 in Unarmed Combat
  6967 | D:7      | Found a hide-covered altar of Uskayaw.
  7077 | D:7      | Reached skill level 5 in Invocations
  7723 | D:7      | Noticed Joseph
  7730 | D:7      | Banished Joseph
  7731 | D:7      | HP: 2/61 [orc wizard/+0 dagger (4)]
  7731 | D:7      | Slain by an orc priest

Illustrated notes

Levels and vault maps discovered:
D:1:      tarquinn_simple_flora_water_e, layout_basic, serial_shops, shop
D:2:      layout_basic, basic_altar, minmay_misc_feat_square,
          pf_guarded_unrand_delatra
D:3:      layout_basic, mainiacjoe_overflow_small_starburst,
          ebering_ecumenical_altar_webs, gup_sewer_entry_bubbles
D:4:      layout_rooms, nicolae_overflow_hidden_temple,
          serial_library_regret_index_headful, uniq_edmund
D:5:      layout_loops_ring, skrybe_limestone_x, guppyfry_early_lair_pool,
          uniq_menkaure, uniq_grinder, uniq_eustachio, uniq_sigmund
D:6:      layout_layer_cave, nicolae_ru_sacrificial_ziggurat,
          minmay_temple_entry_crystal_x
D:7:      layout_loops_corners, mainiacjoe_overflow_concentric_impassable,
          serial_co_window_serial, co_window_paths_a, co_window_paths_a,
          co_window_cross_1, co_window_cross_1, co_window_paths_b,
          co_window_corner_a, co_window_of_opportunity_c,
          co_window_of_opportunity_b, co_window_of_opportunity_b,
          glass_columns_b, uniq_joseph

Skill      XL: |  1  2  3  4  5  6  7  8  9 |
---------------+----------------------------+-----
Fighting       | 2 3 4 5 |  5.5
Dodging        | 3 4 5 |  5.8
Unarmed Combat | 4 5 6 |  6.3
Shapeshifting  | 4 5 |  5.7
Spellcasting   | 2 3 |  3.9
Conjurations   | 2 3 4 |  4.2
Invocations    | 3 5 |  5.2

Action                     |  1- 3 |  4- 6 |  7- 9 || total
---------------------------+-------+-------+-------++-------
  Melee: Unarmed           |    52 |   134 |   217 ||   403
         Constrict         |    14 |    30 |    45 ||    89
         Tentacles         |     7 |    28 |    54 ||    89
         Punch             |     1 |     4 |    13 ||    18
  Throw: Throwing net      |       |     1 |     1 ||     2
         Dart              |       |       |    36 ||    36
   Cast: Magic Dart        |       |       |    42 ||    42
 Invoke: Banish            |       |       |     1 ||     1
    Use: Potion            |     1 |       |     2 ||     3
         Scroll            |       |     6 |     6 ||    12
   Stab: Sleeping          |     1 |     8 |     6 ||    15
         Distracted        |       |       |     1 ||     1
 Armour: Skin              |    24 |    47 |   132 ||   203
  Dodge: Dodged            |    27 |    51 |   154 ||   232
   Form: Beast             |     1 |       |       ||     1

Table legend: (Time is in decaauts)
 A = Elapsed time spent in this place.
 B = Non-inter-level travel time spent in this place.
 C = Inter-level travel time spent in this place.
 D = Time resting spent in this place.
 E = Time spent auto-exploring this place.
 F = Levels seen in this place.
 G = Mean time per level.
                   A        B        C        D        E       F      G
               +--------+--------+--------+--------+--------+-----+--------+
         Total |   7697 |   7060 |    637 |   1096 |   4160 |   7 | 1099.6 |
       Dungeon |   7697 |   7060 |    637 |   1096 |   4160 |   7 | 1099.6 |
               +--------+--------+--------+--------+--------+-----+--------+

Top non-repeatable levels by time:
     D:7: 1569 daAuts
     D:6: 1481 daAuts
     D:3: 1096 daAuts
     D:1: 940 daAuts
     D:5: 886 daAuts
     D:2: 883 daAuts
     D:4: 840 daAuts
